 Dungeon Crawl Stone Soup version 0.23.2 (webtiles) character file.

Game seed: 4101282324094282263

276229 Fang the Warrior (level 20, -1/208 HPs)
             Began as a Gargoyle Berserker on Apr 1, 2019.
             Was the Champion of Trog.
             Killed from afar by Asterion (13 damage)
             ... with a fireball
             ... on level 1 of the Depths.
             The game lasted 01:00:36 (45659 turns).

Fang the Warrior (Gargoyle Berserker)              Turns: 45659, Time: 01:00:36

Health: -1/208     AC: 54    Str: 33    XL:     20   Next: 36%
Magic:  30/30      EV: 14    Int: 15    God:    Trog [******]
Gold:   2576       SH:  0    Dex: 11    Spells: 19/19 levels left

rFire    . . .     SeeInvis .   U - +3 executioner's axe (flame)
rCold    . . .     Gourm    +   (shield currently unavailable)
rNeg     + . .     Faith    .   b - +6 crystal plate armour
rPois    ∞         Spirit   .   C - +3 hat of Pondering {ponderous, MR+ MP+10 Int+5}
rElec    +         Reflect  .   (no cloak)
rCorr    .         Harm     .   (no gloves)
MR       +++..                  S - +2 pair of boots
Stlth    ..........             q - amulet of the gourmand
HPRegen  0.44/turn              k - ring of protection from magic
MPRegen  0.22/turn              O - +2 ring of dexterity

@: berserking (expiring), flying, very quick
A: big wings, negative energy resistance 1, electricity resistance, unbreathing,
petrification resistance, rot immunity, AC +15
}: 2/15 runes: serpentine, barnacled
a: Stop Flying, Berserk, Trog's Hand, Brothers in Arms, Renounce Religion


You were on level 1 of the Depths.
You worshipped Trog.
Trog was exalted by your worship.
You were very full.

You visited 10 branches of the dungeon, and saw 38 of its levels.
You visited 1 bazaar.

You collected 2851 gold pieces.
You spent 275 gold pieces at shops.

Inventory:

Hand Weapons
 a - a +4 executioner's axe of venom
 h - a +1 war axe of electrocution
 l - the +5 hand axe of Righteous Fury {vamp, Dex+2}
   (You found it on level 11 of the Dungeon)

   It inflicts no extra harm, but heals its wielder when it wounds a living foe.
   It affects your dexterity (+2).
 E - a +1 battleaxe of chopping
 K - a +8 antimagic broad axe
 M - a +2 battleaxe of freezing
 U - a +3 executioner's axe of flaming (weapon)
 V - a +3 antimagic executioner's axe
Armour
 b - a +6 crystal plate armour (worn)
 C - the +3 hat of Pondering (worn) {ponderous, MR+ MP+10 Int+5}
   (You took it off Gastronok on level 12 of the Dungeon)

   It affects your intelligence (+5).
   It affects your resistance to hostile enchantments.
   It affects your magic capacity (+10).
 S - a +2 pair of boots (worn)
Jewellery
 j - an uncursed ring of protection from cold
 k - a ring of protection from magic (left hand)
 q - an amulet of the gourmand (around neck)
 x - an uncursed ring of magical power
 y - an uncursed amulet of the acrobat
 J - an uncursed ring of stealth
 O - a +2 ring of dexterity (right hand)
Wands
 d - a wand of digging (8)
 r - a wand of clouds (11)
 u - a wand of disintegration (13)
 w - a wand of paralysis (28)
 A - a wand of flame (25)
 F - a wand of acid (25)
 I - a wand of enslavement (6)
 P - a wand of polymorph (11)
Scrolls
 f - 2 scrolls of blinking
 g - 6 scrolls of magic mapping
 o - 13 scrolls of remove curse
 p - 15 scrolls of teleportation
 B - 4 scrolls of fog
 L - 3 scrolls of fear
 N - 13 scrolls of identify
 T - a scroll of holy word
Potions
 e - 2 potions of might
 i - a potion of heal wounds
 m - 5 potions of curing
 n - a potion of invisibility
 s - a potion of resistance
 t - 2 potions of agility
 v - 2 potions of ambrosia
 z - a potion of haste
 D - a potion of brilliance
 G - 2 potions of berserk rage
 H - a potion of magic
 Q - 3 potions of mutation
 W - 3 potions of cancellation
Comestibles
 c - 51 rations
 R - 5 chunks of flesh


   Skills:
 + Level 19.1 Fighting
 + Level 16.4 Axes
 + Level 18.9 Armour
 + Level 15.1 Dodging


You had 19 spell levels left.
You didn't know any spells.
Your spell library was empty.

Dungeon Overview and Level Annotations

Branches:
Dungeon (15/15)            Temple (1/1) D:4            Lair (6/6) D:9
 Shoals (4/4) Lair:3        Snake (4/4) Lair:4        Slime (0/5) Lair:5
    Orc (2/2) D:9             Elf (3/3) Orc:2        Vaults (1/5) D:14
 Depths (1/5) D:15           Hell (1/1)
    Dis: Hell:1         Geh: Hell:1         Coc: Hell:1         Tar: Hell:1

Altars:
Ashenzari
Dithmenos
Fedhas
Kikubaaqudgha
Makhleb
Nemelex Xobeh
Ru
Uskayaw
Vehumet
Wu Jian
Xom
Yredelemnul
Zin
The Shining One
Jiyva

Shops:
D:8 !   D:11 %   D:15 ?   Orc:2 }**}*   Snake:2 }=}*   Depths:1 ?:(%

Portals:
Hell: Depths:1
Abyss: Depths:1

Annotations:
D:8 exclusion: oklob plant
Lair:1 exclusion: 3 oklob plants
Snake:4 3 runed translucent doors, Erg's ghost, veteran GnWz; Kicir's ghost, adept GnFi; SolCadguy's ghost, adept DrTm
Depths:1 Asterion
Hell Geryon


Innate Abilities, Weirdness & Mutations

You are resistant to torment.
Your stone body is resilient. (AC +15)
You are immune to poison.
Your large and strong wings let you fly indefinitely.
You resist negative energy. (rN+)
You are resistant to electric shocks. (rElec)
You can survive without breathing.
You are immune to petrification.
You are immune to rotting.


Message History

The Executioner closely misses you. Asterion barely misses you.
Asterion gores you but does no damage. The Executioner misses you.
The Executioner hits you but does no damage.
The Executioner misses you. Asterion blocks your attack.
Asterion is moderately wounded.
You hit the Executioner. You burn the Executioner.
Asterion hits you but does no damage. Asterion barely misses you.
The Executioner gestures at you. You resist with almost no effort.
The Executioner hits you but does no damage.
The Executioner closely misses you. The Executioner misses you.
Asterion hits you but does no damage. Asterion gores you but does no damage.
Asterion blocks your attack.
Asterion is moderately wounded.
You slash the Executioner!
You kill the Executioner!
Asterion conjures a destructive force in the name of Makhleb!
The fireball explodes!
The fireball engulfs you!
You die...

$.
######################..
#...........(...........
#.......................
#.......................
'............?..........
#............(..).......
#.........(...((@.......
#............())H.......
#.......................
#...........(∩..........
........................
........................
.............^.......=..
........................
.....[.#


You could see Asterion.

Vanquished Creatures
  Nikola (Depths:1)
  Jorgrun (Shoals:1)
  A lich (Depths:1)
  A deep elf blademaster (Elf:2)
  Agnes (Elf:1)
  Gastronok (D:12)
  A kraken (Shoals:1)
  Kirke (Snake:3)
  Ilsuiw (Shoals:3)
  9 nagarajas
  4 frost giants (Depths:1)
  4 stone giants (Depths:1)
  2 juggernaut zombies (Depths:1)
  A deep elf demonologist (Elf:1)
  A deep elf annihilator (Elf:1)
  3 ettins (Depths:1)
  Snorg (Orc:2)
  2 merfolk javelineers
  2 spark wasps (Depths:1)
  2 yaktaur captains
  A merfolk impaler (Shoals:4)
  Harold (D:7)
  A great orb of eyes (Depths:1)
  A deep elf high priest (Elf:1)
  2 vault guards (D:14)
  4 ice dragons (Depths:1)
  6 hydras
  11 naga warriors
  2 merfolk avatars
  19 anacondas
  7 centaur warriors
  A rakshasa (Depths:1)
  2 merfolk aquamancers
  15 two-headed ogres
  14 dancing weapons (Elf:2)
  2 ogre magi (Depths:1)
  4 death yaks (Lair:4)
  2 deep troll shamans (Depths:1)
  2 tengu warriors
  14 naga sharpshooters
  4 shock serpents
  21 deep elf knights
  Sonja (Orc:2)
  8 salamander mystics
  4 skeletal warriors (D:13)
  2 unseen horrors
  A flayed ghost (Depths:1)
  13 sea snakes
  2 deep trolls (Depths:1)
  2 wizards (D:14)
  5 naga ritualists
  4 lindwurms (Snake:4)
  4 deep elf archers
  12 harpies
  4 necromancers
  An orc knight (Orc:2)
  A wolf spider (D:15)
  A lindwurm (shapeshifter) (Depths:1)
  5 ugly things
  An orc sorcerer (Orc:2)
  61 deep elf magi
  4 fauns (Shoals:1)
  10 mana vipers
  10 manticores
  12 salamanders
  13 merfolk sirens
  9 cyclopes
  A stone giant skeleton (Depths:1)
  6 elephants
  6 guardian serpents
  24 naga magi
  34 black mambas
  4 water nymphs
  A centaur zombie (D:12)
  3 gargoyles
  5 centaur skeletons
  4 spiny frogs
  A kobold demonologist (D:14)
  3 yaktaurs
  An efreet (D:14)
  3 rime drakes
  4 komodo dragons
  A wind drake (Shoals:2)
  A tengu conjurer (D:15)
  13 merfolk
  A hornet (Lair:6)
  6 trolls
  6 polar bears
  3 slime creatures (D:13)
  3 blink frogs (Lair:5)
  8 hippogriffs
  4 snapping turtles
  3 dream sheep (Lair:6)
  A fire giant simulacrum (Depths:1)
  Sigmund (D:2)
  A shadow (D:14)
  An air elemental (Elf:1)
  2 vampires
  A redback (shapeshifter) (Depths:1)
  11 spriggans (Lair:6)
  12 water elementals
  A wyvern (Lair:4)
  2 fire elementals
  7 hogs
  20 humans
  A wraith (D:15)
  42 yaks
  7 basilisks
  3 hungry ghosts
  4 vampire mosquitoes (D:15)
  A warg (Orc:2)
  An acid dragon (D:13)
  52 nagas
  6 water moccasins
  8 porcupines
  A hornet zombie (D:7)
  28 orc warriors
  3 black bears
  2 necrophages
  A phantom (D:13)
  5 sky beasts
  9 boggarts
  5 ice beasts
  19 ogres
  2 eyes of draining
  27 centaurs
  33 wolves
  13 crocodiles
  A big kobold (shapeshifter) (Elf:2)
  3 big kobolds
  19 bullfrogs
  A gnoll sergeant (D:6)
  3 earth elementals
  A scorpion (D:8)
  A wyvern skeleton (D:13)
  10 wights
  19 killer bees
  8 howler monkeys
  2 electric eels (Lair:4)
  A bullfrog zombie (D:5)
  8 crimson imps
  7 hounds
  8 jellies
  A bullfrog skeleton (D:12)
  9 orc priests
  12 orc wizards
  Ijyb (D:3)
  2 iguanas
  5 polar bear simulacra (Lair:5)
  10 worker ants
  2 yak simulacra (Lair:5)
  A killer bee zombie (D:8)
  3 wolf simulacra (Lair:5)
  A hound zombie (D:9)
  9 gnolls
  15 adders
  A shadow imp (D:7)
  17 oozes
  An adder zombie (D:5)
  3 worms
  A dart slug (D:1)
  4 leopard geckos
  47 orcs
  A ball python (D:3)
  7 bats
  4 giant cockroaches
  6 goblins
  8 hobgoblins
  6 jackals
  7 quokkas
  3 frilled lizards
  18 kobolds
  A leopard gecko skeleton (D:4)
  A quokka skeleton (D:8)
  8 rats
  A river rat simulacrum (Lair:5)
  8 fungi
  5 plants
  4 tentacles
1173 creatures vanquished.

Vanquished Creatures (collateral kills)
  A kraken (Shoals:4)
  4 merfolk javelineers (Shoals:4)
  3 merfolk impalers (Shoals:4)
  A naga warrior (Snake:4)
  A hydra (Lair:2)
  A merfolk avatar (Shoals:4)
  A deep elf knight (Elf:1)
  4 mana vipers (Snake:4)
  3 deep elf magi (Elf:1)
  2 naga magi (Snake:4)
  A guardian serpent (Snake:4)
  A water nymph (Shoals:4)
  3 merfolk (Shoals:4)
  2 snapping turtles (Shoals:4)
  5 dream sheep (Lair:2)
  2 water moccasins
  A porcupine (Lair:2)
  A tentacle (Shoals:4)
37 creatures vanquished.

Vanquished Creatures (others)
  A merfolk aquamancer (Shoals:4)
  A dancing weapon (Elf:3)
  A deep elf knight (Elf:2)
  3 deep elf magi (Elf:1)
  A naga (Snake:4)
  An ogre (D:11)
  A gnoll sergeant (D:11)
  An electric eel (Elf:1)
  A hound zombie (D:11)
  3 gnolls (D:11)
  12 fungi
  9 plants
  11 tentacles
  4 withered plants (Snake:4)
50 creatures vanquished.

Grand Total: 1260 creatures vanquished

Notes
Turn   | Place    | Note
-------+----------+-------------------------------------------
     0 | D:1      | Fang the Gargoyle Berserker began the quest for the Orb.
     0 | D:1      | Reached XP level 1. HP: 14/14 MP: 1/1
    66 | D:1      | Reached XP level 2. HP: 10/19 MP: 2/2
  1105 | D:1      | Reached XP level 3. HP: 7/24 MP: 3/3
  1654 | D:2      | Reached XP level 4. HP: 26/29 MP: 4/4
  1754 | D:2      | Reached ** piety under Trog
  1797 | D:2      | You fall through a shaft for 2 floors!
  1814 | D:4      | Reached skill level 4 in Fighting
  2289 | D:4      | Found a staircase to the Ecumenical Temple.
  2296 | D:4      | Reached XP level 5. HP: 30/33 MP: 5/5
  2301 | Temple   | Entered the Ecumenical Temple
  2942 | D:3      | Noticed Ijyb
  2994 | D:3      | Killed Ijyb
  3149 | D:3      | Reached XP level 6. HP: 36/39 MP: 6/6
  3734 | D:2      | Found a sparkling altar of Nemelex Xobeh.
  3865 | D:2      | Reached *** piety under Trog
  3968 | D:2      | Noticed Sigmund
  3981 | D:2      | Killed Sigmund
  3981 | D:2      | Reached skill level 5 in Fighting
  4311 | D:5      | Entered Level 5 of the Dungeon
  4333 | D:5      | Reached XP level 7. HP: 27/44 MP: 7/7
  4920 | D:5      | Reached skill level 5 in Armour
  5368 | D:6      | Reached XP level 8. HP: 42/51 MP: 8/8
  5793 | D:6      | Reached skill level 6 in Fighting
  5814 | D:6      | Reached skill level 5 in Axes
  7045 | D:7      | Noticed Harold
  7066 | D:7      | Killed Harold
  7066 | D:7      | Reached **** piety under Trog
  7066 | D:7      | Reached skill level 7 in Fighting
  7066 | D:7      | Reached skill level 5 in Dodging
  7066 | D:7      | Reached XP level 9. HP: 57/57 MP: 9/9
  7826 | D:8      | Noticed a two-headed ogre
  7841 | D:8      | Killed a two-headed ogre
  7841 | D:8      | Reached skill level 8 in Fighting
  8047 | D:8      | Reached XP level 10. HP: 34/64 MP: 10/10
  8048 | D:8      | Found a sacrificial altar of Ru.
  8595 | D:8      | Paralysed by fainting for 12 turns
  8953 | D:8      | Found Puicwiamm's Distillery.
  9050 | D:8      | Identified a scroll of acquirement
  9116 | D:8      | Noticed an oklob plant
  9527 | D:9      | Found a staircase to the Lair.
  9627 | D:9      | Reached ***** piety under Trog
  9644 | D:9      | Found a radiant altar of Vehumet.
  9659 | D:9      | Found a glowing silver altar of Zin.
  9661 | D:9      | Found an ornate altar of the Wu Jian Council.
  9661 | D:9      | Found a hide-covered altar of Uskayaw.
  9662 | D:9      | Found a shimmering altar of Xom.
  9665 | D:9      | Found a sparkling altar of Nemelex Xobeh.
  9666 | D:9      | Found a glowing golden altar of the Shining One.
  9796 | D:9      | Found an ancient bone altar of Kikubaaqudgha.
  9800 | D:9      | Reached skill level 9 in Fighting
  9889 | D:9      | Noticed a two-headed ogre
  9898 | D:9      | Killed a two-headed ogre
  9926 | D:9      | Found a staircase to the Orcish Mines.
 10092 | D:10     | Entered Level 10 of the Dungeon
 10096 | D:10     | Received a gift from Trog
 10118 | D:10     | Found a shimmering altar of Xom.
 10251 | D:10     | Reached XP level 11. HP: 59/71 MP: 11/11
 10301 | D:10     | Noticed a two-headed ogre
 10306 | D:10     | Killed a two-headed ogre
 10712 | D:11     | Noticed a cyan ugly thing
 10721 | D:11     | Killed a cyan ugly thing
 10721 | D:11     | Reached skill level 10 in Fighting
 10722 | D:11     | Found an ornate altar of the Wu Jian Council.
 10810 | D:11     | Got an encrusted hand axe
 10957 | D:11     | Found Zuwnumom's Food Boutique.
 11001 | D:11     | Identified the +5 hand axe of Righteous Fury {vamp, Dex+2}
                  | (You found it on level 11 of the Dungeon)
 11085 | D:11     | Noticed a two-headed ogre
 11089 | D:11     | Reached skill level 10 in Armour
 11097 | D:11     | Killed a two-headed ogre
 11895 | D:12     | Noticed Gastronok
 11912 | D:12     | Killed Gastronok
 11912 | D:12     | Reached XP level 12. HP: 57/79 MP: 9/12
 12205 | D:12     | Noticed a seven-headed hydra
 12222 | D:12     | Killed a ten-headed hydra
 12222 | D:12     | Reached skill level 11 in Fighting
 12640 | D:12     | Noticed a two-headed ogre
 12648 | D:12     | Killed a two-headed ogre
 13688 | Lair:1   | Entered Level 1 of the Lair of Beasts
 13985 | Lair:1   | Found an ornate altar of the Wu Jian Council.
 14533 | Lair:2   | Reached skill level 10 in Axes
 14591 | Lair:2   | Noticed a five-headed hydra
 14598 | Lair:2   | Killed a five-headed hydra
 14637 | Lair:2   | Found a shadowy altar of Dithmenos.
 15096 | Lair:2   | Noticed a four-headed hydra
 15105 | Lair:2   | Killed a ten-headed hydra
 15411 | Lair:3   | Reached skill level 12 in Fighting
 15442 | Lair:3   | Reached XP level 13. HP: 80/86 MP: 13/13
 15462 | Lair:3   | Found a staircase to the Shoals.
 15468 | Lair:3   | Reached ****** piety under Trog
 15581 | Lair:3   | Found a dark tunnel.
 16019 | Lair:3   | Received a gift from Trog
 16836 | Lair:4   | Found a staircase to the Snake Pit.
 17488 | Lair:5   | Found a basalt altar of Yredelemnul.
 17577 | Lair:5   | Found a viscous altar of Jiyva.
 17580 | Lair:5   | Found a staircase to the Slime Pits.
 17593 | Lair:5   | Reached skill level 10 in Dodging
 18241 | Lair:6   | Entered Level 6 of the Lair of Beasts
 18531 | Lair:6   | Received a gift from Trog
 18531 | Lair:6   | Reached skill level 13 in Fighting
 18855 | Lair:6   | Gained mutation: Your large and strong wings let you fly
                  | indefinitely. [Gargoyle growth]
 18855 | Lair:6   | Reached XP level 14. HP: 39/94 MP: 14/14
 19287 | Lair:6   | Received a gift from Trog
 20642 | D:13     | Received a gift from Trog
 22389 | D:13     | Reached skill level 14 in Fighting
 22937 | D:14     | Found a flickering gateway to a bazaar.
 22946 | Bazaar   | Entered a bazaar
 22946 | Bazaar   | Found Jacsim's Food Shoppe.
 22946 | Bazaar   | Found Ocoluh's Assorted Antiques.
 22983 | Bazaar   | Found Fyeryfan's Jewellery Shoppe.
 22997 | Bazaar   | Found Mazapred's Antique Armour Emporium.
 23392 | D:14     | Reached XP level 15. HP: 100/100 MP: 15/15
 23480 | D:14     | Found a gate to the Vaults.
 23485 | D:14     | Received a gift from Trog
 24093 | D:15     | Entered Level 15 of the Dungeon
 24415 | D:15     | Found Tuneug's Magic Scroll Shop.
 24650 | D:15     | Found a blossoming altar of Fedhas.
 24774 | D:15     | Found a staircase to the Depths.
 25097 | Orc:1    | Entered Level 1 of the Orcish Mines
 25130 | Orc:1    | Received a gift from Trog
 25240 | Orc:2    | Entered Level 2 of the Orcish Mines
 25252 | Orc:2    | Found Hymaowos's Gadget Shoppe.
 25889 | Orc:2    | Noticed Snorg
 25900 | Orc:2    | Reached skill level 15 in Fighting
 25902 | Orc:2    | Killed Snorg
 25935 | Orc:2    | Noticed Sonja
 25964 | Orc:2    | Killed Sonja
 26163 | Orc:2    | Found Buorghou's General Store.
 26163 | Orc:2    | Found Vakuymn's Gadget Boutique.
 26163 | Orc:2    | Found Liatsutin's Assorted Antiques.
 26166 | Orc:2    | Found Qismu's Assorted Antiques.
 26178 | Orc:2    | Bought a scroll of enchant weapon for 165 gold pieces
 26178 | Orc:2    | Bought a potion of heal wounds for 110 gold pieces
 26298 | Orc:2    | Found a staircase to the Elven Halls.
 26522 | Snake:1  | Entered Level 1 of the Snake Pit
 26579 | Snake:1  | Received a gift from Trog
 26900 | Snake:1  | Reached skill level 15 in Armour
 27266 | Snake:1  | Reached XP level 16. HP: 104/108 MP: 16/16
 28100 | Snake:2  | Found Golusch's General Store.
 28380 | Snake:2  | Received a gift from Trog
 28893 | Snake:2  | Found Umniumic's Gadget Boutique.
 28893 | Snake:2  | Found Yjoehe's Jewellery Emporium.
 28894 | Snake:2  | Found Guassume's Gadget Boutique.
 29133 | Snake:3  | Noticed a nagaraja
 29150 | Snake:3  | Killed a nagaraja
 29164 | Snake:3  | Noticed Kirke
 29172 | Snake:3  | Killed Kirke
 29591 | Snake:3  | Reached skill level 16 in Fighting
 29796 | Snake:3  | Received a gift from Trog
 29819 | Snake:3  | Noticed a nagaraja
 29826 | Snake:3  | Killed a nagaraja
 30133 | Snake:4  | Entered Level 4 of the Snake Pit
 30201 | Snake:4  | Noticed a nagaraja
 30221 | Snake:4  | Killed a nagaraja
 30221 | Snake:4  | Reached XP level 17. HP: 78/115 MP: 17/17
 31035 | Snake:4  | Found a runed translucent gate.
 31035 | Snake:4  | Found a runed translucent gate.
 31036 | Snake:4  | Found a runed translucent gate.
 31037 | Snake:4  | Noticed SolCadguy's ghost (adept DrTm)
 31037 | Snake:4  | Noticed Erg's ghost (veteran GnWz)
 31037 | Snake:4  | Noticed Kicir's ghost (adept GnFi)
 31943 | Snake:4  | Received a gift from Trog
 32289 | Snake:4  | Reached skill level 17 in Fighting
 32895 | Snake:4  | Reached XP level 18. HP: 64/123 MP: 18/18
 33133 | Snake:4  | Got a serpentine rune of Zot
 33416 | Shoals:1 | Entered Level 1 of the Shoals
 34096 | Shoals:1 | Noticed Jorgrun
 34104 | Shoals:1 | Killed Jorgrun
 35034 | Shoals:2 | Reached skill level 15 in Axes
 35589 | Shoals:3 | Noticed Ilsuiw
 35614 | Shoals:3 | Received a gift from Trog
 35691 | Shoals:3 | Killed Ilsuiw
 35935 | Shoals:3 | Received a gift from Trog
 36675 | Shoals:4 | Entered Level 4 of the Shoals
 36741 | Shoals:4 | Got a barnacled rune of Zot
 37245 | Shoals:4 | HP: 1/124 [merfolk aquamancer/torrent of water (24)]
 37955 | Elf:1    | Entered Level 1 of the Elven Halls
 38517 | Elf:1    | Received a gift from Trog
 38668 | Elf:1    | Reached skill level 18 in Fighting
 38670 | Elf:1    | Reached XP level 19. HP: 81/130 MP: 19/19
 38698 | Elf:1    | HP: 6/130 [fire elemental (13)]
 39376 | Elf:1    | HP: 7/195 [burnt (4)]
 40002 | Elf:1    | Noticed Agnes
 40012 | Elf:1    | Killed Agnes
 40943 | Elf:2    | Received a gift from Trog
 41113 | Elf:3    | Entered Level 3 of the Elven Halls
 41123 | Elf:3    | HP: 5/195 [deep elf knight/stone arrow (30)]
 42370 | Elf:2    | Found a runed translucent gate.
 42370 | Elf:2    | Found a runed translucent gate.
 42370 | Elf:2    | Found a runed translucent gate.
 42814 | Elf:2    | Received a gift from Trog
 44057 | Vaults:1 | Entered Level 1 of the Vaults
 44143 | Depths:1 | Entered Level 1 of the Depths
 44180 | Depths:1 | Noticed a lich
 44189 | Depths:1 | Killed a lich
 44455 | Depths:1 | Found Waxiuzxi's Book Boutique.
 44459 | Depths:1 | Found Ciask's Weapon Shop.
 44461 | Depths:1 | Found Vebul's Food Boutique.
 44910 | Depths:1 | Reached XP level 20. HP: 113/137 MP: 20/20
 44913 | Depths:1 | Found a gateway to Hell.
 44934 | Depths:1 | Received a gift from Trog
 45130 | Hell     | Entered the Vestibule of Hell
 45130 | Hell     | Noticed Geryon
 45142 | Depths:1 | Found a one-way gate to the infinite horrors of the Abyss.
 45169 | Depths:1 | Noticed Nikola
 45184 | Depths:1 | Identified the +4 ring mail of the True Pharaoh {rPois
                  | Dex+4 Stlth+}
 45193 | Depths:1 | Killed Nikola
 45193 | Depths:1 | Reached skill level 15 in Dodging
 45588 | Depths:1 | Reached skill level 19 in Fighting
 45623 | Depths:1 | Found Munum's Magic Scroll Boutique.
 45633 | Depths:1 | Noticed Asterion
 45652 | Depths:1 | HP: 9/208 [Asterion/+1 vampiric demon trident (10)]
 45659 | Depths:1 | Killed from afar by Asterion

Skill      XL: |  1  2  3  4  5  6  7  8  9 10 11 12 13 14 15 16 17 18 19 20 |
---------------+-------------------------------------------------------------+-----
Axes           | 3 4 6 8 9 10 11 12 13 14 15 16 | 16.4
Dodging        | 2 3 5 7 8 9 10 11 12 13 14 15 | 15.1
Armour         | 3 4 5 6 7 9 10 11 12 14 15 16 17 18 | 18.9
Fighting       | 4 5 7 8 9 10 12 13 14 15 16 17 18 19 | 19.1

Action                   |  1- 3 |  4- 6 |  7- 9 | 10-12 | 13-15 | 16-18 | 19-21 || total
-------------------------+-------+-------+-------+-------+-------+-------+-------++-------
Melee: Hand axe          |    80 |   278 |    21 |       |       |       |       ||   379
       War axe           |       |       |   301 |    97 |       |       |       ||   398
       Executioner's axe |       |       |       |   539 |   357 |   593 |   578 ||  2067
       Battleaxe         |       |       |       |       |   789 |   522 |       ||  1311
Invok: Berserk           |       |     1 |     4 |     6 |     6 |    10 |     8 ||    35
       Trog's Hand       |       |       |       |     1 |       |       |       ||     1
       Brothers in Arms  |       |       |       |     2 |       |     7 |       ||     9
 Abil: Fly               |       |       |       |       |     1 |       |       ||     1
  Use: Scroll            |       |     4 |       |    35 |     6 |    10 |     2 ||    57
       Potion            |       |       |       |       |     2 |    11 |     5 ||    18
  Eat: Chunk             |     2 |    21 |    16 |    41 |    49 |    48 |    33 ||   210
       Ration            |       |       |       |     2 |     1 |     1 |       ||     4
Armor: Animal skin       |    37 |    11 |       |       |       |       |       ||    48
       Chain mail        |       |    45 |       |       |       |       |       ||    45
       Crystal plate arm |       |   146 |   328 |  1020 |  1831 |  1712 |   844 ||  5881
Dodge: Dodged            |    79 |    77 |   119 |   420 |   879 |   889 |   402 ||  2865
